 Dungeon Crawl Stone Soup version 0.30.1-9-gdf580d7c3d (webtiles) character file.

Game seed: 7930460433463972354

11530 Fonturacetamum the Geomancer (level 11, -5/55 HPs)
             Began as a Gargoyle Earth Elementalist on Sept 27, 2023.
             Was an Elder of Vehumet.
             Killed by divine providence
             ... invoked by an orc priest
              (10 damage)
             ... on level 10 of the Dungeon on Sept 29, 2023.
             The game lasted 02:17:36 (11056 turns).

Fonturacetamum the Geomancer (GrEE)                Turns: 11056, Time: 02:17:36

Health: -5/55      AC: 16    Str: 17    XL:     11   Next: 79%
Magic:  9/22       EV: 13    Int: 21    God:    Vehumet [****..]
Gold:   634        SH:  0    Dex: 16    Spells: 14/25 levels left

rFire   . .          .
                       - Unarmed
rCold   . . .        (no shield)
rNeg    + . .        a - +0 robe
rPois   ∞            I - +1 helmet
rElec   +            y - +2 cloak
rCorr   .            (no gloves)
SInv    .            q - +0 pair of boots
Will    .....        z - amulet of faith
Stlth   +++          k - +6 ring of strength
HPRegen 0.29/turn    u - +6 ring of dexterity
MPRegen 0.18/turn

%: faith
@: about to teleport
A: sickness immunity, AC +8, negative energy resistance 1, electricity
resistance, torment resistance 1, petrification resistance
a: Renounce Religion


You were on level 10 of the Dungeon.
You worshipped Vehumet.
Vehumet was greatly pleased with you.
You visited 3 branches of the dungeon, and saw 12 of its levels.

You collected 634 gold pieces.

Inventory:

Hand Weapons
 l - a +1 dagger of speed
 L - a +2 dagger of distortion
Armour
 a - a +0 robe (worn)
 e - the +0 helmet "Ynwop" {Harm +Blink Str-5}
   (You found it on level 9 of the Dungeon)

   Str:       It affects your strength (-5).
   +Blink:    It lets you blink.
   Harm:      It increases damage dealt and taken.
 q - a +0 pair of boots (worn)
 s - the +11 chain mail of Xojyegeitou {rElec rN+ Will- Int+3}
   (You found it on level 4 of the Dungeon)

   Int:       It affects your intelligence (+3).
   rElec:     It insulates you from electricity.
   rN:        It protects you from negative energy.
   Will:      It decreases your willpower.
 y - a +2 cloak (worn)
 I - a +1 helmet (worn)
 M - a +0 cloak of stealth
Jewellery
 k - a +6 ring of strength (left hand)
 u - a +6 ring of dexterity (right hand)
 w - a ring of see invisible
 z - an amulet of faith (around neck)
 A - a ring of resist corrosion
 C - a ring of ice
 H - a ring of resist corrosion
Wands
 n - a wand of roots (3)
 B - a wand of flame (44)
 F - a wand of charming (9)
 K - a wand of digging (2)
Scrolls
 b - a scroll of brand weapon {unknown}
 c - 6 scrolls of identify
 g - 2 scrolls of blinking {unknown}
 h - 3 scrolls of immolation
 j - 2 scrolls of vulnerability
 o - 2 scrolls of noise
 t - a scroll of fear {unknown}
 x - a scroll of enchant weapon {unknown}
 D - a scroll of poison {unknown}
 G - 2 scrolls of magic mapping
 J - a scroll of fog {unknown}
Potions
 d - 3 potions of degeneration
 f - 2 potions of mutation
 i - 4 potions of lignification
 p - a potion of cancellation {unknown}
 r - 3 potions of heal wounds
 v - 2 potions of curing {unknown}
 E - a potion of brilliance {unknown}


   Skills:
 - Level 0.3 Fighting
 - Level 3.7 Dodging
 + Level 5.7 Stealth
 - Level 1.5 Unarmed Combat
 - Level 7.8 Spellcasting
 + Level 7.2 Conjurations
 - Level 1.2 Transmutations
 - Level 7.0 Fire Magic
 + Level 14.2 Earth Magic


You had 14 spell levels left.
You knew the following spells:

 Your Spells              Type           Power      Damage    Failure   Level
a - Sandblast             Erth           100%       2d20      0%          1
b - Passwall              Tmut/Erth      33%        N/A       1%          2
c - Stone Arrow           Conj/Erth      100%       3d13      1%          3
d - Foxfire               Conj/Fire      100%       2x1d9     1%          1
e - Petrify               Tmut/Erth      40%        N/A       3%          4

Your spell library contained the following spells:

 Spells                   Type           Power      Damage    Failure   Level
 Sticky Flame             Conj/Fire      38%        2d6       1%          4
 Magic Dart               Conj           100%       1d8       1%          1
 Searing Ray              Conj           76%        2d7       1%          2
 Fireball                 Conj/Fire      19%        3d9       3%          5
 Fulminant Prism          Conj/Hex       11%        3d8       5%          4
 Ensorcelled Hibernation  Hex/Ice        16%        N/A       12%         2
 Starburst                Conj/Fire      19%        6d7       17%         6
 Spider Form              Tmut/Pois      10%        N/A       19%         3
 Plasma Beam              Fire/Air       11%        2x1d24    56%         6
 Anguish                  Hex/Necr       4%         N/A       63%         4


Dungeon Overview and Level Annotations

Branches:
Dungeon (10/15)            Temple (1/1) D:7            Lair (1/5) D:9
    Orc (0/2) D:10

Altars:
Ashenzari
Cheibriados
Dithmenos
Elyvilon
Fedhas
Gozag
Hepliaklqana
Kikubaaqudgha
Makhleb
Nemelex Xobeh
Okawaru
Qazlal
Ru
Sif Muna
Trog
Uskayaw
Vehumet
Wu Jian
Xom
Yredelemnul
Zin
The Shining One

Annotations:
D:5 2 transporters
Lair:1 Amaemon


Innate Abilities, Weirdness & Mutations

You are immune to sickness and miasma.
Your stone body is resilient. (AC +8)
You are immune to poison.
You resist negative energy. (rN+)
You are resistant to electric shocks. (rElec)
You are resistant to unholy torment.
You are immune to petrification.


Message History

Casting: Sandblast (safe; 0% risk of failure)
Confirm with . or Enter, or press ? or * to list all spells.
Aiming: Sandblast (safe; 0% risk of failure)
Press: ? - help, Shift-Dir - straight line, f/p - orc warrior
Aim: an orc warrior, wielding a +0 war axe and wearing a +0 plate armour (lightly wounded, 85% to hit)
The blast of sand hits the orc warrior!
The orc warrior is heavily wounded.
The orc warrior misses you.
The orc warrior hits you with a +0 war axe!
Casting: Sandblast (safe; 0% risk of failure)
Confirm with . or Enter, or press ? or * to list all spells.
Aiming: Sandblast (safe; 0% risk of failure)
Press: ? - help, Shift-Dir - straight line, f/p - orc warrior
Aim: an orc warrior, wielding a +0 war axe and wearing a +0 plate armour (heavily wounded, 85% to hit)
The blast of sand hits the orc warrior.
The orc warrior is severely wounded.
The orc warrior hits you with a +0 war axe.
Casting: Sandblast (safe; 0% risk of failure)
Confirm with . or Enter, or press ? or * to list all spells.
Aiming: Sandblast (safe; 0% risk of failure)
Press: ? - help, Shift-Dir - straight line, f/p - orc warrior
Aim: an orc warrior, wielding a +0 war axe and wearing a +0 plate armour (severely wounded, 85% to hit)
The blast of sand hits the orc warrior.
The orc warrior is almost dead.
The orc warrior completely misses you.
The orc priest invokes the aid of Beogh against you.
Beogh smites you!
The orc warrior hits you with a +0 war axe!
The orc warrior attacks as you move away!
The orc warrior hits you but does no damage.
The orc warrior attacks as you move away!
The orc warrior hits you with a +0 war axe.
The orc priest calls down the wrath of Beogh upon you.
Beogh smites you!
* * * LOW HITPOINT WARNING * * *
As you read the scroll of teleportation, it crumbles to dust.
You feel strangely unstable. The orc warrior closely misses you.
The orc priest mumbles some strange prayers to Beogh against you.
Beogh smites you!
You die...

..# #..
>._.8#......#
..##...
....#......
..#.... ..o#.....
..'.... oo8....
..#.... oo...####
..##... 8)...!.
..# #.. #...# ..#
### ##########oo.#
..# #...
#...@ooo.oo..#
..##....
#.########........
..#.... ##.#
###.##### ..'....
#..# .# ..#....
#.## .# ..##...
###.# . ...##..
#...# #
##..######.###
##........#


You could see an orc warrior, 3 orc priests and 3 orcs.

Vanquished Creatures
  A centaur warrior (D:10)
  2 two-headed ogres (D:9)
  A deep elf pyromancer (D:8)
  A black mamba (Lair:1)
  Maurice (D:9)
  An orange demon (Lair:1)
  A komodo dragon (Lair:1)
  A hornet (D:9)
  4 blink frogs (Lair:1)
  A shadow (D:9)
  2 wraiths (D:10)
  12 yaks
  3 steam dragons
  Duvessa (D:4)
  2 water moccasins
  A black bear (D:5)
  3 ice beasts
  6 orc warriors
  Pargi (D:3)
  2 sky beasts
  A wolf (D:9)
  2 centaurs
  5 kobold brigands
  3 phantoms
  2 bullfrogs
  A gnoll sergeant (D:9)
  5 scorpions
  3 wights (D:10)
  Dowan (D:4)
  14 killer bees
  4 howler monkeys
  3 jellies (D:7)
  3 hounds
  4 orc priests
  A gnoll bouda (D:6)
  Jessica (D:2)
  5 iguanas
  5 orc wizards
  Robin (D:3)
  13 gnolls
  11 adders
  3 dart slugs
  30 orcs
  4 endoplasms
  2 giant cockroaches
  10 goblins
  10 hobgoblins
  15 jackals
  4 quokkas
  8 ball pythons
  7 bats
  2 frilled lizards (D:1)
  23 kobolds
  2 rats
255 creatures vanquished.

Vanquished Creatures (collateral kills)
  A foxfire (D:7)
1 creature vanquished.

Vanquished Creatures (others)
  4 kobolds (D:8)
  188 foxfires
192 creatures vanquished.

Grand Total: 448 creatures vanquished

Notes
Turn   | Place    | Note
-------+----------+-------------------------------------------
     0 | D:1      | Fonturacetamum the Gargoyle Earth Elementalist began the
                  | quest for the Orb.
     0 | D:1      | Reached XP level 1. HP: 10/10 MP: 3/3
   130 | D:1      | Reached XP level 2. HP: 11/15 MP: 0/5
   382 | D:1      | Reached skill level 4 in Earth Magic
   704 | D:1      | Reached XP level 3. HP: 16/19 MP: 1/6
   899 | D:2      | Found a snail-covered altar of Cheibriados.
  1089 | D:2      | Found a faded altar of an unknown god.
  1105 | D:2      | Noticed Jessica
  1109 | D:2      | Killed Jessica
  1110 | D:2      | Reached XP level 4. HP: 18/24 MP: 4/8
  1113 | D:2      | Learned a level 2 spell: Passwall
  1619 | D:2      | Reached skill level 1 in Unarmed Combat
  2086 | D:3      | Noticed Robin
  2089 | D:3      | Reached XP level 5. HP: 28/28 MP: 5/9
  2112 | D:3      | Killed Robin
  2509 | D:3      | Reached skill level 5 in Earth Magic
  2644 | D:3      | Noticed Pargi
  2651 | D:3      | dunno lol
  2660 | D:3      | Killed Pargi
  2661 | D:3      | Reached XP level 6. HP: 25/32 MP: 3/11
  3156 | D:4      | Found a shadowy altar of Dithmenos.
  3156 | D:4      | Found an ornate altar of the Wu Jian Council.
  3161 | D:4      | Found an ancient bone altar of Kikubaaqudgha.
  3164 | D:4      | Found a sparkling altar of Nemelex Xobeh.
  3166 | D:4      | Found a radiant altar of Vehumet.
  3178 | D:4      | Became a worshipper of Vehumet
  3218 | D:4      | Identified the +11 chain mail of Xojyegeitou {rElec rN+
                  | Will- Int+3}
  3311 | D:4      | Noticed Duvessa
  3311 | D:4      | Noticed Dowan
  3337 | D:4      | Killed Duvessa
  3379 | D:4      | Reached skill level 6 in Earth Magic
  3539 | D:4      | Killed Dowan
  3540 | D:4      | Reached XP level 7. HP: 37/37 MP: 9/13
  3546 | D:4      | Learned a level 3 spell: Stone Arrow
  3719 | D:5      | Entered Level 5 of the Dungeon
  3967 | D:5      | Reached skill level 5 in Spellcasting
  4054 | D:5      | Found an opulent altar of Gozag.
  4056 | D:5      | Found a white marble altar of Elyvilon.
  4056 | D:5      | Noticed a yak
  4059 | D:5      | Noticed a yak
  4077 | D:5      | Reached skill level 7 in Earth Magic
  4137 | D:5      | Reached XP level 8. HP: 22/42 MP: 2/16
  4404 | D:5      | Reached skill level 1 in Conjurations
  4444 | D:5      | Found a transporter.
  4474 | D:5      | Found a transporter.
  4568 | D:5      | Reached * piety under Vehumet
  4568 | D:5      | Offered knowledge of Magic Dart by Vehumet.
  4569 | D:5      | Reached skill level 8 in Earth Magic
  5277 | D:6      | Learned a level 1 spell: Foxfire
  5380 | D:6      | Reached skill level 9 in Earth Magic
  5380 | D:6      | Reached XP level 9. HP: 46/46 MP: 5/19
  5868 | D:6      | Offered knowledge of Kiss of Death by Vehumet.
  6079 | D:6      | Reached ** piety under Vehumet
  6372 | D:7      | Reached skill level 1 in Fire Magic
  6416 | D:7      | Found a staircase to the Ecumenical Temple.
  6566 | Temple   | Entered the Ecumenical Temple
  6645 | D:7      | Found a hazy altar of Hepliaklqana.
  6647 | D:7      | Found a glowing golden altar of the Shining One.
  6649 | D:7      | Found a burning altar of Makhleb.
  7150 | D:8      | Offered knowledge of Dazzling Flash by Vehumet.
  7402 | D:8      | Noticed a deep elf pyromancer
  7620 | D:8      | Reached XP level 10. HP: 51/51 MP: 17/21
  7776 | D:8      | Reached skill level 10 in Earth Magic
  7786 | D:8      | Learned a level 4 spell: Petrify
  7889 | D:8      | Killed a deep elf pyromancer
  7890 | D:8      | Reached skill level 5 in Conjurations
  7890 | D:8      | Reached skill level 5 in Fire Magic
  7943 | D:8      | Identified the +1 ring mail of Tus Ejys {rF+ Str+2}
  8003 | D:9      | Noticed a two-headed ogre
  8100 | D:9      | Reached *** piety under Vehumet
  8551 | D:9      | Identified the +0 helmet "Ynwop" {Harm +Blink Str-5}
  8574 | D:9      | Noticed a two-headed ogre
  8594 | D:9      | Killed a two-headed ogre
  8727 | D:9      | Found a bloodstained altar of Trog.
  8759 | D:9      | Reached skill level 1 in Transmutations
  9038 | D:9      | Killed a two-headed ogre
  9367 | D:9      | Found a staircase to the Lair.
  9547 | D:9      | Reached skill level 11 in Earth Magic
  9744 | D:9      | Noticed Maurice
  9767 | D:9      | Killed Maurice
  9767 | D:9      | Offered knowledge of Inner Flame by Vehumet.
  9826 | D:10     | Entered Level 10 of the Dungeon
  9850 | D:10     | Reached XP level 11. HP: 55/55 MP: 18/22
 10005 | D:10     | Reached skill level 5 in Stealth
 10117 | Lair:1   | Entered Level 1 of the Lair of Beasts
 10123 | Lair:1   | Reached skill level 12 in Earth Magic
 10292 | Lair:1   | Noticed Amaemon
 10459 | Lair:1   | Reached skill level 13 in Earth Magic
 10709 | D:10     | Noticed a centaur warrior
 10715 | D:10     | Reached **** piety under Vehumet
 10722 | D:10     | Killed a centaur warrior
 10722 | D:10     | Offered knowledge of Sticky Flame by Vehumet.
 10867 | D:10     | Reached skill level 14 in Earth Magic
 11039 | D:10     | Found a staircase to the Orcish Mines.
 11056 | D:10     | Killed from afar by an orc priest

Illustrated notes

.######.#.##......
..........##..#...
######.#.....#.##
#.#.#.......
#.#.'....... ####
#.#.#.......
.....#+######.#........#
#............########.#
+T....@......'...# #.#
#..(.......[.###.# #.#
.......#......# #.# #.#
#####.##......# #.# #.#
#. ######## #.####.# #.
#......# #. #.###### ###


Turn 2651 on D:3: dunno lol

Levels and vault maps discovered:
D:1:      spicycebolla_arrival_clurvy, layout_basic
D:2:      layout_basic, basic_altar, shapermc_ecumenical_altar_mp_vishouse,
          kennysheep_generic_room_4, uniq_jessica
D:3:      layout_basic, uniq_robin, uniq_pargi
D:4:      layout_cave_pools, chequers_temple_overflow_minitemple, uniq_duvessa
D:5:      layout_layer_cave, gammafunk_temple_overflow_arena, st_stairs_9,
          minmay_misc_feat_diagonals
D:6:      layout_basic
D:7:      layout_rooms, gammafunk_temple_overflow_forgotten,
          minmay_temple_entry_waves
D:8:      layout_basic
D:9:      layout_stronghold, lightli_temple_of_fire, lair_entry_dummy,
          uniq_maurice
D:10:     kennysheep_six_static_rooms, layout_basic, david_orc_5, serial_shops,
          nicolae_shop_back_alley_shop, kennysheep_generic_room_9
Temple:   minmay_freezing_vapour_temple
Lair:1:   layout_gridlike, uniq_urug, uniq_grum, uniq_erica, uniq_amaemon

Skill      XL: |  1  2  3  4  5  6  7  8  9 10 11 |
---------------+----------------------------------+-----
Earth Magic    | 4 5 6 7 9 11 14 | 14.2
Dodging        | 2 3 |  3.7
Unarmed Combat | 1 |  1.5
Spellcasting   | 3 4 5 7 |  7.8
Stealth        | 3 4 5 |  5.7
Conjurations   | 2 4 6 7 |  7.2
Fire Magic     | 4 6 7 |  7.0
Transmutations | 1 |  1.2
Fighting       | |  0.3

Action                     |  1- 3 |  4- 6 |  7- 9 | 10-12 || total
---------------------------+-------+-------+-------+-------++-------
  Melee: Unarmed           |    93 |    26 |    20 |     7 ||   146
         Punch             |     2 |       |     1 |       ||     3
   Cast: Sandblast         |    37 |    83 |    94 |   115 ||   329
         Passwall          |       |     1 |       |       ||     1
         Stone Arrow       |       |       |    42 |    57 ||    99
         Foxfire           |       |       |   125 |    18 ||   143
         Petrify           |       |       |       |     4 ||     4
    Use: Potion            |       |     1 |       |     1 ||     2
         Scroll            |       |       |    10 |     1 ||    11
   Stab: Sleeping          |       |     1 |       |       ||     1
         Petrified         |       |       |       |     5 ||     5
 Armour: Robe              |    56 |    35 |    66 |    70 ||   227
  Dodge: Dodged            |   100 |    54 |   109 |   103 ||   366
